 Dungeon Crawl Stone Soup version 0.22-a0-305-gd21a89c538 (webtiles) character file.

178 RKaid the Charlatan (level 5, -2/42 HPs)
             Began as a Demigod Artificer on Mar 29, 2018.
             Killed by divine providence
             ... invoked by an orc priest
              (15 damage)
             ... on level 3 of the Dungeon.
             The game lasted 00:07:15 (2926 turns).

RKaid the Charlatan (Demigod Artificer)             Turns: 2926, Time: 00:07:16

Health: -2/42      AC:  6    Str: 17    XL:     5   Next: 10%
Magic:  10/10      EV: 12    Int: 15    God:
Gold:   158        SH:  0    Dex: 16    Spells: 4/4 levels left

rFire    . . .     SeeInvis .   u - +0 rapier
rCold    . . .     Gourm    +   (no shield)
rNeg     . . .     Faith    .   q - +0 ring mail
rPois    .         Spirit   .   (no helmet)
rElec    .         Reflect  .   (no cloak)
rCorr    .         Harm     .   (no gloves)
MR       +....                  v - +0 pair of boots
Stlth    +.........             g - amulet of the gourmand {Gourm}
HPRegen  0.14/turn              o - +4 ring of slaying
MPRegen  0.12/turn              p - ring of protection from magic {MR+}

@: no status effects
A: high mp 1
a: no special abilities


You were on level 3 of the Dungeon.
You were not hungry.

You visited 1 branch of the dungeon, and saw 4 of its levels.

You collected 158 gold pieces.

Inventory:

Hand Weapons
 a - a +0 short sword
 j - a +4 dagger
   (You took it off a kobold on level 1 of the Dungeon)
 m - a +2 dagger of venom
   (You found it on level 1 of the Dungeon)
 u - a +0 rapier (weapon)
   (You found it on level 2 of the Dungeon)
Missiles
 h - 18 poisoned needles
 l - 74 bolts
 s - 47 stones
 w - 5 poisoned tomahawks (quivered)
Armour
 q - a +0 ring mail (worn)
   (You found it on level 1 of the Dungeon)
 v - a +0 pair of boots (worn)
   (You found it on level 2 of the Dungeon)
 y - a +0 plate armour
   (You found it on level 3 of the Dungeon)
Jewellery
 g - an amulet of the gourmand (around neck) {Gourm}
   (You found it on level 2 of the Dungeon)
 o - a +4 ring of slaying (left hand)
   (You found it on level 1 of the Dungeon)
 p - a ring of protection from magic (right hand) {MR+}
   (You found it on level 3 of the Dungeon)
Wands
 d - a wand of enslavement (14)
 e - a wand of random effects (14)
 r - a wand of flame (10)
Scrolls
 b - a scroll of enchant armour {unknown}
 i - a scroll of identify
 k - a scroll of blinking {unknown}
 n - 2 scrolls of fog {unknown}
 t - 2 scrolls of teleportation
Potions
 c - 2 potions of curing
 x - 2 potions of magic
Comestibles
 f - 5 rations


   Skills:
 + Level 2.7 Fighting
 - Level 1.0 Short Blades
 + Level 3.2 Dodging
 - Level 0.8 Stealth
 + Level 3.8 Evocations


You had 4 spell levels left.
You didn't know any spells.

Dungeon Overview and Level Annotations

Branches:
Dungeon (4/15)
 Temple: D:4-7


Innate Abilities, Weirdness & Mutations

You have an increased reservoir of magic. (+10% MP)


Message History

Your gnoll barely misses the gnoll.
The gnoll barely misses your gnoll.
Your gnoll hits the gnoll with a spear. The gnoll hits your gnoll with a club!
Your gnoll dies!
Evoke which item? (* to show all) (? for menu, Esc to quit)
That's the wrong kind of item! (Use * to select it.) Evoke which item? (* to show all) (? for menu, Esc to quit)
You don't have any such object.
Evoke which item? (* to show all) (? for menu, Esc to quit)
Okay, then.
Unknown command.
Evoke which item? (* to show all) (? for menu, Esc to quit)
Aiming: Throw Flame
Press: ? - help, Shift-Dir - straight line, f/p - gnoll
Aim: a gnoll, wielding a club (severely wounded)
The puff of flame hits the gnoll.
Evoke which item? (* to show all) (? for menu, Esc to quit)
Aiming: Throw Flame
Press: ? - help, Shift-Dir - straight line, f/p - gnoll
Aim: a gnoll, wielding a club (almost dead)
The puff of flame hits the gnoll.
You kill the gnoll!
You start resting.
You are feeling hungry.
You start resting.
You see here a club.
You see here a spear.
s - 46 stones (gained 3)
s - 47 stones (gained 1)
You now have 144 gold pieces (gained 3).
Things that are here:
a short sword; a club; a kobold skeleton
Items here: ( )) [[ ÷÷÷÷
Items here: ( )) [[ ÷÷÷÷
w - 5 poisoned tomahawks Quiver which item? (- for none, * to show all) (? for menu, Esc to quit)
Quivering
w - 5 poisoned tomahawks for throwing.
You now have 158 gold pieces (gained 14).
A bat comes into view.
The bat barely misses you. The bat hits you but does no damage.
The bat hits you. The bat barely misses you. The bat closely misses you.
You hit the bat.
You kill the bat!
You have reached level 5!
i - 2 scrolls of identify (gained 1)
x - a blue potion
x - 2 blue potions (gained 1)
You see here a plate armour.
An adder comes into view.
The adder hisses angrily.
The adder closely misses you.
You puncture the adder! The adder bites you but does no damage.
You puncture the adder!
You kill the adder!
No target in view!
You see here an adder corpse.
You butcher the adder corpse.
z - 2 chunks of flesh You see here an adder skeleton.
Eating one of 2 chunks of flesh.
You eat one of the 2 chunks of flesh.
This raw flesh tastes great.
Eating a chunk of flesh.
You eat the chunk of flesh.
This raw flesh tastes great.
You see here a plate armour.
y - a plate armour
As you read the scroll of identify, it crumbles to dust.
x - 2 potions of magic You see here an adder skeleton. 2 orcs come into view.
The orc shouts! x2
An orc comes into view. It is wielding a flail.
The orc shouts!
You hear a shout!
An orc priest comes into view. It is wielding a flail.
The orc priest shouts!
The orc hits you but does no damage.
You puncture the orc!
You kill the orc!
You hit the orc.
The orc priest calls down the wrath of Beogh upon you.
Beogh smites you!
You completely miss the orc. You puncture the orc!
You kill the orc!
The orc barely misses you.
Things that are here:
a flail; an orc corpse Your ring mail prevents you from hitting the orc.
The orc priest casts a cantrip, but nothing happens.
The orc hits you with a flail.
You barely miss the orc. The orc hits you but does no damage.
You hit the orc but do no damage. The orc barely misses you.
You puncture the orc!
You kill the orc!
The orc priest calls down the wrath of Beogh upon you.
Beogh smites you!
You hit the orc priest.
The orc priest mumbles some strange prayers to Beogh against you.
Beogh smites you!
You die...

#.# #.# #.# #.#
#######.######
#............#
#.#####.####.##
###.####..÷##...#######.
.........#....#.@o......
#......#...##...########
.......##.####.##
#......##.# #.#
#......##.# #.#
###.##.##.####.#
###............#
..........######
.......####


You could see an orc priest.

Vanquished Creatures
  The ghost of flinch the Shield-Bearer, a weakling DsFi (D:3)
  3 gnolls (D:3)
  4 adders
  3 worms
  A dart slug (D:1)
  A leopard gecko (D:1)
  6 orcs (D:3)
  2 giant cockroaches
  6 goblins
  6 hobgoblins
  6 bats
  5 frilled lizards
  5 kobolds (D:1)
  A leopard gecko skeleton (D:2)
  8 rats
58 creatures vanquished.

Vanquished Creatures (collateral kills)
  An orc (D:3)
  A kobold (D:3)
2 creatures vanquished.

Vanquished Creatures (others)
  A gnoll (D:3)
1 creature vanquished.

Grand Total: 61 creatures vanquished

Notes
Turn   | Place    | Note
-------+----------+-------------------------------------------
     0 | D:1      | RKaid the Demigod Artificer began the quest for the Orb.
     0 | D:1      | Reached XP level 1. HP: 15/15 MP: 5/5
    57 | D:1      | HP: 2/15 [leopard gecko (3)]
    65 | D:1      | Reached skill level 1 in Short Blades
    66 | D:1      | Reached skill level 1 in Fighting
   186 | D:1      | Reached skill level 2 in Dodging
   267 | D:1      | Reached XP level 2. HP: 13/23 MP: 6/6
   638 | D:1      | Reached skill level 3 in Evocations
  1108 | D:2      | Reached XP level 3. HP: 29/29 MP: 7/7
  1239 | D:2      | HP: 7/29 [worm (8)]
  1631 | D:2      | Found a snail-covered altar of Cheibriados.
  1631 | D:2      | Found an ornate altar of the Wu Jian Council.
  1874 | D:2      | Reached skill level 2 in Fighting
  2469 | D:3      | Reached XP level 4. HP: 36/36 MP: 9/9
  2537 | D:3      | Noticed flinch's ghost (weakling DsFi)
  2556 | D:3      | Killed flinch's ghost
  2556 | D:3      | Reached skill level 3 in Dodging
  2862 | D:3      | Reached XP level 5. HP: 41/42 MP: 10/10
  2926 | D:3      | Killed from afar by an orc priest

Vault maps used:
D:1:      minmay_arrival_four_houses
D:2:      gammafunk_temple_overflow_elements
D:4:      kennysheep_potato

Skill      XL: |  1  2  3  4 |
---------------+-------------+-----
Short Blades   | 1 |  1.0
Fighting       | 1 2 |  2.7
Dodging        | 2 3 |  3.2
Evocations     | 3 |  3.8
Stealth        | |  0.8

Action                   |  1- 3 |  4- 6 || total
-------------------------+-------+-------++-------
Melee: Short sword       |   114 |       ||   114
       Rapier            |    39 |    34 ||    73
Evoke: Wand              |     4 |     3 ||     7
  Use: Potion            |     1 |       ||     1
       Scroll            |     3 |     1 ||     4
 Stab: Sleeping          |     1 |       ||     1
  Eat: Chunk             |     8 |     2 ||    10
Armor: Leather armour    |    13 |       ||    13
       Ring mail         |    25 |    10 ||    35
Dodge: Dodged            |    90 |    17 ||   107

Table legend:
 A = Spawn XP
 B = Non-spawn XP
 C = Spawn XP percentage of total XP
 D = Spawn monster count
 E = Non-spawn monster count
 F = Spawn count percentage of total count
 G = Total turns spent on level
                    A         B        C        D         E        F      G
               +---------+---------+-------+---------+---------+-------+---------
         Total |       0 |     255 |   0.0 |       0 |      60 |   0.0 |  2926
               +---------+---------+-------+---------+---------+-------+---------
           D:1 |       0 |      35 |   0.0 |       0 |      20 |   0.0 |  1083
           D:2 |       0 |      56 |   0.0 |       0 |      16 |   0.0 |  1020
           D:3 |       0 |     164 |   0.0 |       0 |      24 |   0.0 |   820
               +---------+---------+-------+---------+---------+-------+---------

Table legend:
 A = Turns spent in this place as a percentage of turns spent in the entire game.
 B = Non-inter-level travel turns spent in this place as a percentage of non-inter-level travel turns spent in the entire game.
 C = Inter-level travel turns spent in this place as a percentage of turns spent in this place.
 D = Turns resting spent in this place as a percentage of non-inter-level travel turns spent in this place.
 E = Turns spent auto-exploring this place as a percentage of non-inter-level travel turns spent in this place.
 F = Non-inter-level travel turns spent in this place divided by the number of levels of this place that you've seen.
                   A       B       C       D       E      F
               +-------+-------+-------+-------+-------+----------------------
         Total | 100.0 | 100.0 |   2.5 |  38.0 |  40.2 | 713.2
       Dungeon | 100.0 | 100.0 |   2.5 |  38.0 |  40.2 | 713.2
               +-------+-------+-------+-------+-------+----------------------

Table legend:
 A = Kills in this place as a percentage of kills in entire the game.
 B = Kills by you in this place as a percentage of kills by you in the entire game.
 C = Kills by friends in this place as a percentage of kills by friends in the entire game.
 D = Other kills in this place as a percentage of other kills in the entire game.
 E = Experience gained in this place as a percentage of experience gained in the entire game.
 F = Experience gained in this place divided by the number of levels of this place that you have seen.
                   A       B       C       D       E      F
               +-------+-------+-------+-------+-------+----------------------
         Total | 100.0 | 100.0 | 100.0 |   N/A | 100.0 |  63.8
       Dungeon | 100.0 | 100.0 | 100.0 |   N/A | 100.0 |  63.8
               +-------+-------+-------+-------+-------+----------------------
